[ AOE2 MATCH · #480364014 ]
UnrankedGeorgians vs Lithuanians
[ REPLAY ANALYSIS · EXTRACTED FROM THE RECORDED GAME ]
Feudal
11:45
Castle
17:47
Imperial
—
| APM avg | 16.6 |
| APM peak | 54 |
| eAPM avg | 8.0 |
| Villagers / military | 37 / 0 |
Focus
⚔️ 4.5% · 🌾 95.5%
Fishing Ship ×4
Feudal
—
Castle
—
Imperial
—
| APM avg | 11.3 |
| APM peak | 34 |
| eAPM avg | 5.9 |
| Villagers / military | 24 / 0 |
Focus
⚔️ 7.2% · 🌾 92.8%
Feudal
—
Castle
—
Imperial
—
| APM avg | 6.6 |
| APM peak | 27 |
| eAPM avg | 3.1 |
| Villagers / military | 24 / 0 |
Focus
⚔️ 0.0% · 🌾 100.0%
Feudal
—
Castle
—
Imperial
—
| APM avg | 2.9 |
| APM peak | 15 |
| eAPM avg | 2.1 |
| Villagers / military | 14 / 0 |
Focus
⚔️ 0.0% · 🌾 100.0%
Feudal
—
Castle
—
Imperial
—
| APM avg | 21.8 |
| APM peak | 77 |
| eAPM avg | 8.0 |
| Villagers / military | 31 / 0 |
Focus
⚔️ 21.6% · 🌾 78.4%
Feudal
11:52
Castle
—
Imperial
—
| APM avg | 18.7 |
| APM peak | 38 |
| eAPM avg | 11.8 |
| Villagers / military | 38 / 19 |
Focus
⚔️ 17.1% · 🌾 82.9%
Scout Cavalry ×19 · Fishing Ship ×4
Feudal
—
Castle
—
Imperial
—
| APM avg | 0.1 |
| APM peak | 2 |
| eAPM avg | 0.1 |
| Villagers / military | 0 / 0 |
Feudal
—
Castle
—
Imperial
—
| APM avg | 7.8 |
| APM peak | 24 |
| eAPM avg | 4.2 |
| Villagers / military | 21 / 0 |
Focus
⚔️ 3.8% · 🌾 96.2%
Fishing Ship ×1
Match map
Initial resources + every placement click. Lines = walls · curves = elevation contours. ◆ gold · ⬟ stone · ● berries · ✦ relic · ◌ wall gap
Your base· Open — 15t gap
<Trip> TripfoxX's base· Open — unwalled flank
LetCarton233702's base· Open — unwalled flank
esraspiel's base· Open — unwalled flank
CoconutWilson's base· Open — unwalled flank
Elite Villager's base· Open — unwalled flank
ratsalad's base· Open — unwalled flank
AnudeepDVS's base· Open — unwalled flank
Smoothed initial terrain · ◌ = detected wall gap · hover for details
Inputs per minute
— Rani - - <Trip> TripfoxX
Build order — Rani
68 actions detected in the replay
| 0:00 | Create | Villager (Male) |
| 0:01 | Create | Villager (Male) |
| 0:01 | Create | Villager (Male) |
| 0:01 | Create | Villager (Male) |
| 0:07 | Build | House |
| 0:11 | Build | House |
| 1:10 | Research | Loom |
| 2:15 | Create | Villager (Male) |
| 2:32 | Create | Villager (Male) |
| 2:32 | Create | Villager (Male) |
| 2:51 | Create | Villager (Male) |
| 2:52 | Create | Villager (Male) |
| 3:40 | Build | Mule Cart |
| 3:45 | Create | Villager (Male) |
| 3:45 | Create | Villager (Male) |
| 3:54 | Build | House |
| 4:04 | Create | Villager (Male) |
| 5:14 | Create | Villager (Male) |
| 5:15 | Create | Villager (Male) |
| 5:47 | Build | Dock |
| 5:55 | Create | Villager (Male) |
| 5:56 | Create | Villager (Male) |
| 6:13 | Create | Villager (Male) |
| 6:18 | Build | House |
| 6:47 | Create | Villager (Male) |
| 6:52 | Create | Fishing Ship |
| 6:52 | Create | Fishing Ship |
| 7:11 | Create | Villager (Male) |
| 7:11 | Create | Villager (Male) |
| 7:40 | Create | Fishing Ship |
| 7:49 | Create | Villager (Male) |
| 8:14 | Build | Mill |
| 8:21 | Create | Villager (Male) |
| 8:29 | Build | House |
| 9:18 | Create | Fishing Ship |
| 9:35 | Research | Feudal Age |
| 10:00 | Build | House |
| 10:43 | Create | Villager (Male) |
| 11:45 | Age | Feudal Age |
| 11:46 | Research | Double-Bit Axe |
| 11:50 | Create | Villager (Male) |
| 11:50 | Create | Villager (Male) |
| 11:50 | Create | Villager (Male) |
| 12:04 | Build | Mule Cart |
| 12:15 | Create | Villager (Male) |
| 12:15 | Create | Villager (Male) |
| 12:25 | Research | Gold Mining |
| 12:40 | Build | Market |
| 13:24 | Build | House |
| 13:36 | Create | Villager (Male) |
| 13:54 | Build | Blacksmith |
| 14:01 | Build | Mule Cart |
| 14:11 | Research | Stone Mining |
| 14:18 | Create | Villager (Male) |
| 14:18 | Create | Villager (Male) |
| 15:07 | Research | Castle Age |
| 15:15 | Build | House |
| 15:37 | Create | Villager (Male) |
| 16:08 | Research | Tech 906 |
| 17:47 | Age | Castle Age |
| 17:53 | Build | Monastery |
| 17:56 | Create | Villager (Male) |
| 17:57 | Create | Villager (Male) |
| 17:57 | Create | Villager (Male) |
| 18:04 | Build | Town Center |
| 18:08 | Research | Bow Saw |
| 18:12 | Create | Villager (Male) |
| 18:12 | Create | Villager (Male) |
Build order — <Trip> TripfoxX
33 actions detected in the replay
| 0:02 | Create | Villager (Male) |
| 0:03 | Create | Villager (Male) |
| 0:03 | Create | Villager (Male) |
| 0:03 | Create | Villager (Male) |
| 0:05 | Build | House |
| 0:05 | Build | House |
| 0:19 | Create | Villager (Male) |
| 0:19 | Create | Villager (Male) |
| 1:24 | Create | Villager (Male) |
| 2:16 | Create | Villager (Male) |
| 2:45 | Create | Villager (Male) |
| 2:45 | Create | Villager (Male) |
| 3:15 | Create | Villager (Male) |
| 3:15 | Create | Villager (Male) |
| 3:41 | Create | Villager (Male) |
| 3:52 | Build | House |
| 4:20 | Create | Villager (Male) |
| 4:20 | Create | Villager (Male) |
| 4:55 | Create | Villager (Male) |
| 4:55 | Create | Villager (Male) |
| 5:15 | Build | Lumber Camp |
| 5:44 | Create | Villager (Male) |
| 5:49 | Build | House |
| 5:54 | Create | Villager (Male) |
| 5:54 | Create | Villager (Male) |
| 6:27 | Create | Villager (Male) |
| 8:02 | Build | House |
| 8:09 | Build | Mill |
| 9:27 | Create | Villager (Male) |
| 9:28 | Create | Villager (Male) |
| 9:28 | Create | Villager (Male) |
| 9:38 | Research | Feudal Age |
| 10:11 | Build | Mining Camp |
Build order — LetCarton233702
26 actions detected in the replay
| 0:04 | Research | Loom |
| 0:04 | Create | Villager (Male) ×4 |
| 1:08 | Build | Mill |
| 1:52 | Create | Villager (Male) |
| 2:31 | Create | Villager (Male) |
| 2:59 | Create | Villager (Male) |
| 3:05 | Create | Villager (Male) |
| 3:38 | Create | Villager (Male) |
| 3:58 | Create | Villager (Male) |
| 4:04 | Create | Villager (Male) |
| 4:30 | Create | Villager (Male) |
| 4:31 | Create | Villager (Male) |
| 5:09 | Create | Villager (Male) |
| 5:09 | Create | Villager (Male) |
| 5:10 | Create | Villager (Male) |
| 6:26 | Create | Villager (Male) |
| 6:26 | Create | Villager (Male) |
| 8:02 | Build | Lumber Camp |
| 8:55 | Create | Villager (Male) |
| 8:55 | Create | Villager (Male) |
| 8:57 | Create | Villager (Male) |
| 9:37 | Create | Villager (Male) |
| 9:37 | Create | Villager (Male) |
| 9:38 | Create | Villager (Male) |
| 9:40 | Research | Feudal Age |
| 9:54 | Build | Mill |
Build order — esraspiel
24 actions detected in the replay
| 0:16 | Build | Lumber Camp |
| 0:26 | Build | House |
| 0:36 | Create | Villager (Male) |
| 0:36 | Create | Villager (Male) |
| 0:36 | Create | Villager (Male) |
| 0:38 | Research | Loom |
| 0:40 | Create | Villager (Male) |
| 2:13 | Build | Mill |
| 3:00 | Create | Villager (Male) |
| 3:58 | Create | Villager (Male) |
| 4:18 | Research | Horse Collar |
| 4:42 | Create | Villager (Male) |
| 4:52 | Build | House |
| 5:03 | Build | House |
| 5:24 | Create | Villager (Male) |
| 6:05 | Create | Villager (Male) |
| 6:12 | Create | Villager (Male) |
| 6:33 | Build | Farm |
| 7:13 | Create | Villager (Male) |
| 7:13 | Create | Villager (Male) |
| 7:49 | Research | Wheelbarrow |
| 8:25 | Create | Villager (Male) |
| 8:25 | Create | Villager (Male) |
| 9:15 | Build | Farm |
Build order — CoconutWilson
36 actions detected in the replay
| 0:01 | Create | Villager (Male) ×4 |
| 0:03 | Build | House |
| 0:04 | Build | House |
| 1:23 | Create | Villager (Male) |
| 1:59 | Build | Lumber Camp |
| 2:05 | Create | Villager (Male) |
| 2:17 | Create | Villager (Male) |
| 2:17 | Create | Villager (Male) |
| 2:51 | Create | Villager (Male) |
| 3:01 | Build | House |
| 3:02 | Create | Villager (Male) |
| 3:36 | Create | Villager (Male) |
| 3:36 | Create | Villager (Male) |
| 4:07 | Create | Villager (Male) |
| 4:07 | Create | Villager (Male) |
| 4:11 | Build | Mill |
| 4:27 | Create | Villager (Male) |
| 4:58 | Create | Villager (Male) |
| 4:58 | Create | Villager (Male) |
| 5:27 | Create | Villager (Male) |
| 5:31 | Build | House |
| 5:51 | Build | House |
| 6:01 | Build | House |
| 6:09 | Create | Villager (Male) ×5 |
| 6:18 | Create | Villager (Male) |
| 6:50 | Create | Villager (Male) ×2 |
| 7:13 | Create | Villager (Male) |
| 7:24 | Create | Villager (Male) |
| 7:44 | Research | Loom |
| 8:02 | Build | Mill |
| 8:24 | Research | Feudal Age |
| 8:29 | Create | Villager (Male) |
| 8:29 | Create | Villager (Male) |
| 8:29 | Create | Villager (Male) |
| 8:51 | Research | Feudal Age |
| 9:12 | Build | Mining Camp |
Build order — Elite Villager
100 actions detected in the replay
| 0:01 | Create | Villager (Male) |
| 0:01 | Create | Villager (Male) |
| 0:03 | Build | House |
| 0:05 | Build | House |
| 0:37 | Create | Villager (Male) |
| 0:37 | Create | Villager (Male) |
| 1:35 | Create | Villager (Male) |
| 1:35 | Create | Villager (Male) |
| 1:48 | Build | Lumber Camp |
| 2:13 | Create | Villager (Male) |
| 2:13 | Create | Villager (Male) |
| 2:43 | Create | Villager (Male) |
| 3:19 | Create | Villager (Male) |
| 3:20 | Create | Villager (Male) |
| 3:31 | Build | House |
| 3:36 | Create | Villager (Male) |
| 3:36 | Create | Villager (Male) |
| 4:02 | Create | Villager (Male) |
| 4:02 | Create | Villager (Male) |
| 4:21 | Create | Villager (Male) |
| 4:21 | Create | Villager (Male) |
| 4:47 | Create | Villager (Male) |
| 4:47 | Create | Villager (Male) |
| 5:06 | Build | House |
| 5:26 | Create | Villager (Male) |
| 5:26 | Create | Villager (Male) |
| 5:26 | Create | Villager (Male) |
| 5:47 | Build | Dock |
| 6:03 | Create | Villager (Male) |
| 6:26 | Create | Villager (Male) |
| 6:26 | Create | Villager (Male) |
| 6:46 | Create | Fishing Ship |
| 6:47 | Create | Fishing Ship |
| 6:55 | Build | Mill |
| 7:02 | Create | Villager (Male) |
| 7:03 | Create | Villager (Male) |
| 7:26 | Research | Loom |
| 7:32 | Create | Villager (Male) |
| 7:51 | Create | Fishing Ship |
| 7:58 | Build | House |
| 8:27 | Create | Villager (Male) |
| 8:27 | Create | Villager (Male) |
| 8:28 | Create | Villager (Male) |
| 8:38 | Create | Fishing Ship |
| 9:20 | Build | House |
| 9:35 | Build | Mining Camp |
| 9:42 | Research | Feudal Age |
| 10:52 | Build | Barracks |
| 11:12 | Create | Villager (Male) |
| 11:20 | Build | House |
| 11:22 | Build | House |
| 11:52 | Age | Feudal Age |
| 12:12 | Build | Stable |
| 12:14 | Build | Blacksmith |
| 12:18 | Create | Villager (Male) |
| 12:19 | Create | Villager (Male) |
| 12:42 | Research | Double-Bit Axe |
| 12:45 | Research | Horse Collar |
| 12:55 | Create | Scout Cavalry |
| 12:55 | Create | Scout Cavalry |
| 12:58 | Research | Forging |
| 13:26 | Create | Villager (Male) |
| 13:29 | Build | House |
| 13:36 | Create | Scout Cavalry |
| 13:50 | Build | Stable |
| 13:54 | Create | Villager (Male) |
| 14:05 | Create | Scout Cavalry |
| 14:52 | Build | Stable |
| 14:59 | Create | Scout Cavalry |
| 15:00 | Create | Scout Cavalry |
| 15:00 | Create | Scout Cavalry |
| 15:01 | Create | Scout Cavalry |
| 15:01 | Create | Scout Cavalry |
| 15:13 | Build | Farm |
| 15:17 | Build | Farm |
| 15:21 | Build | Farm |
| 15:24 | Build | Farm |
| 15:27 | Build | Farm |
| 15:30 | Build | Farm |
| 15:47 | Create | Villager (Male) |
| 15:49 | Create | Villager (Male) |
| 15:57 | Create | Scout Cavalry |
| 15:58 | Create | Scout Cavalry |
| 15:58 | Create | Scout Cavalry |
| 15:58 | Create | Scout Cavalry |
| 16:18 | Build | Fish Trap |
| 16:23 | Create | Scout Cavalry |
| 16:30 | Build | Fish Trap |
| 16:42 | Build | House |
| 16:47 | Build | Fish Trap |
| 16:59 | Build | Fish Trap |
| 17:05 | Create | Scout Cavalry |
| 17:06 | Create | Scout Cavalry |
| 17:09 | Build | House |
| 17:10 | Build | House |
| 17:14 | Build | Farm |
| 17:26 | Create | Scout Cavalry |
| 17:50 | Build | Farm |
| 18:10 | Create | Scout Cavalry |
| 18:10 | Create | Scout Cavalry |
Build order — ratsalad
0 actions detected in the replay
Build order — AnudeepDVS
31 actions detected in the replay
| 0:09 | Build | House |
| 0:11 | Build | House |
| 0:12 | Create | Villager (Male) |
| 0:13 | Create | Villager (Male) |
| 0:13 | Create | Villager (Male) |
| 0:13 | Create | Villager (Male) |
| 0:14 | Create | Villager (Male) |
| 1:56 | Research | Loom |
| 1:56 | Create | Villager (Male) |
| 1:56 | Create | Villager (Male) |
| 1:57 | Create | Villager (Male) |
| 2:16 | Create | Villager (Male) |
| 2:51 | Build | Palisade Wall |
| 2:59 | Create | Villager (Male) |
| 3:29 | Build | Lumber Camp |
| 3:34 | Create | Villager (Male) |
| 3:34 | Create | Villager (Male) |
| 4:42 | Create | Villager (Male) |
| 4:43 | Create | Villager (Male) |
| 5:06 | Create | Villager (Male) |
| 5:40 | Build | House |
| 6:11 | Create | Villager (Male) |
| 7:52 | Build | Dock |
| 8:00 | Build | House |
| 8:11 | Create | Villager (Male) |
| 8:11 | Create | Villager (Male) |
| 8:20 | Create | Villager (Male) |
| 8:21 | Create | Villager (Male) |
| 8:52 | Build | Mining Camp |
| 9:20 | Create | Villager (Male) |
| 9:31 | Create | Fishing Ship |
Match timeline
| 2:51 | AnudeepDVS · wall_segment Palisade Wall x21 |
| 5:47 | Elite Villager · first_building Dock |
| 5:47 | Rani · first_building Dock |
| 7:52 | AnudeepDVS · first_building Dock |
| 10:05 | esraspiel · resign |
| 10:52 | Elite Villager · first_building Barracks |
| 11:45 | Rani · age_up feudal |
| 11:52 | Elite Villager · age_up feudal |
| 12:12 | Elite Villager · first_building Stable |
| 17:47 | Rani · age_up castle |
| 17:53 | Rani · first_building Monastery |
[ AI ANALYSIS · 1 CREDIT ]
What really happened in this match?
Wolo.gg analyzes every decision: build order, eco, micro, common mistakes by bracket. Personalized analysis on WhatsApp or Discord in 30 seconds.
Civ guide
Georgians
Perfil
Jugador #252829